[Event "Konyaalti Open-B 2019"]
[Site "Konyaalti"]
[Date "2019.11.17"]
[Round "1.1"]
[White "Odabasi, Nail"]
[Black "Basara, Arda"]
[Result "1-0"]
[ECO "D00"]
[WhiteElo "1374"]
[BlackElo "1809"]
[Annotator "NA RC"]
[PlyCount "55"]
[EventDate "2019.11.20"]
[EventType "swiss"]
[EventCountry "TUR"]
[SourceTitle "playchess.com"]
[Source "ChessBase"]
[SourceQuality "1"]
[TimeControl "5400+30"]

1. d4 d5 2. Nc3 g6 3. Bf4 Nf6 4. e3 Bg7 5. Be2 O-O 6. h4 c5 7. Nb5 Na6 8. c3 Bd7 9. a4 Qa5 10. g4 c4 11. h5 Bxb5 12. axb5 Qxb5 13. hxg6 hxg6 14. Qc2 Nd7 15. Nf3 Rfe8 16. Kd2 e5 17. dxe5 Nac5 18. Nd4 Qb6 19. Bf3 Nxe5 20. Bxd5 Ncd3 21. Bxe5 Bxe5 22. Bxc4 Bxd4 23. cxd4 Nxf2 24. Rhf1 Qb4+ 25. Ke2 Ne4 26. Rxf7 b5 27. Bb3 Ng3+ 28. Kf3 1-0

[Event "Konyaalti Open-B 2019"]
[Site "Konyaalti"]
[Date "2019.11.17"]
[Round "1.2"]
[White "Demir, Hilmi Mustafa"]
[Black "Engin, Onur Cinar"]
[Result "1-0"]
[ECO "C36"]
[WhiteElo "1818"]
[BlackElo "1254"]
[Annotator "NA RC"]
[PlyCount "107"]
[EventDate "2019.11.20"]
[EventType "swiss"]
[EventCountry "TUR"]
[SourceTitle "playchess.com"]
[Source "ChessBase"]
[SourceQuality "1"]
[TimeControl "5400+30"]

1. e4 e5 2. f4 d5 3. exd5 exf4 4. Nf3 Qxd5 5. Nc3 Qd8 6. Bc4 Be7 7. d4 Nf6 8. O-O O-O 9. Bxf4 c6 10. Ne5 Nbd7 11. Kh1 Nb6 12. Bb3 a5 13. a4 Nbd5 14. Nxd5 cxd5 15. Qf3 Be6 16. Bg5 Ne4 17. Bxe7 Qxe7 18. Rad1 f6 19. Nd3 Rac8 20. Rfe1 Rfe8 21. Nf4 Qd7 22. Nxe6 Rxe6 23. Rxe4 dxe4 24. Qxe4 Rce8 25. Re1 Kf7 26. Bxe6+ Rxe6 27. Qxe6+ Qxe6 28. Rxe6 Kxe6 29. c4 Kf5 30. Kg1 Ke4 31. d5 Ke5 32. g4 g6 33. h4 h5 34. gxh5 gxh5 35. Kf2 Kd6 36. Ke3 Ke5 37. Kf3 b6 38. Ke3 f5 39. Kf3 f4 40. d6 Kxd6 41. Kxf4 Kc5 42. Kg5 Kxc4 43. Kxh5 Kb3 44. Kg5 Kxb2 45. h5 Kb3 46. h6 Kxa4 47. h7 b5 48. h8=Q b4 49. Qb2 b3 50. Kf4 Kb4 51. Ke4 a4 52. Kd4 a3 53. Qc3+ Ka4 54. Kc5 1-0

[Event "Konyaalti Open-B 2019"]
[Site "Konyaalti"]
[Date "2019.11.17"]
[Round "1.3"]
[White "Yazici, Betul"]
[Black "Yildiz, Tunahan"]
[Result "0-1"]
[ECO "B84"]
[WhiteElo "1294"]
[BlackElo "1752"]
[Annotator "NA RC"]
[PlyCount "77"]
[EventDate "2019.11.20"]
[EventType "swiss"]
[EventCountry "TUR"]
[SourceTitle "playchess.com"]
[Source "ChessBase"]
[SourceQuality "1"]
[TimeControl "5400+30"]

1. e4 c5 2. Nf3 d6 3. d4 cxd4 4. Nxd4 Nf6 5. Nc3 a6 6. a4 b6 7. Be3 e6 8. Be2 Bb7 9. f3 Nbd7 10. Qd2 Qc7 11. O-O Be7 12. Rad1 O-O 13. Rfe1 Rac8 14. Kh1 Qb8 15. Ra1 Rfe8 16. Bd3 Ne5 17. Rac1 Nc4 18. Bxc4 Rxc4 19. Qd3 Rcc8 20. Nde2 Nd7 21. Bd4 Qc7 22. Rcd1 Red8 23. Ng3 Ne5 24. Bxe5 dxe5 25. Qe3 h6 26. Nge2 Bc5 27. Qc1 Qe7 28. Rxd8+ Rxd8 29. Rd1 Bc6 30. b3 Rc8 31. Rd3 b5 32. axb5 axb5 33. Qd1 Ra8 34. f4 Qc7 35. fxe5 Qxe5 36. Rd8+ Rxd8 37. Qxd8+ Kh7 38. h3 b4 39. Na4 0-1

[Event "Konyaalti Open-B 2019"]
[Site "Konyaalti"]
[Date "2019.11.17"]
[Round "1.4"]
[White "Uysal, Ilyas"]
[Black "Basdar, Atakan"]
[Result "1-0"]
[ECO "C10"]
[WhiteElo "1767"]
[BlackElo "1326"]
[Annotator "NA RC"]
[PlyCount "63"]
[EventDate "2019.11.20"]
[EventType "swiss"]
[EventCountry "TUR"]
[SourceTitle "playchess.com"]
[Source "ChessBase"]
[SourceQuality "1"]
[TimeControl "5400+30"]

1. e4 e6 2. d4 d5 3. Nc3 dxe4 4. Nxe4 Nd7 5. Nf3 Ngf6 6. Bg5 Be7 7. Nxf6+ Nxf6 8. Bd3 O-O 9. Ne5 h6 10. Bh4 Qd5 11. O-O Rd8 12. Bxf6 Bxf6 13. Qh5 Bxe5 14. dxe5 Qd4 15. Rad1 g6 16. Bxg6 Qxd1 17. Rxd1 Rxd1+ 18. Qxd1 fxg6 19. Qd8+ Kh7 20. f4 b6 21. g4 c5 22. f5 exf5 23. gxf5 gxf5 24. e6 Bb7 25. Qe7+ Kg6 26. Qxb7 Rd8 27. Qf7+ Kg5 28. Qe7+ Kf4 29. Qxd8 Ke3 30. e7 f4 31. e8=Q+ Kf3 32. Qd1# 1-0

[Event "Konyaalti Open-B 2019"]
[Site "Konyaalti"]
[Date "2019.11.17"]
[Round "1.5"]
[White "Gur, Gurbuz"]
[Black "Yucesoy, Atil"]
[Result "1-0"]
[ECO "C42"]
[WhiteElo "1294"]
[BlackElo "1734"]
[Annotator "NA RC"]
[PlyCount "103"]
[EventDate "2019.11.20"]
[EventType "swiss"]
[EventCountry "TUR"]
[SourceTitle "playchess.com"]
[Source "ChessBase"]
[SourceQuality "1"]
[TimeControl "5400+30"]

1. e4 e5 2. Nf3 Nf6 3. Nc3 Bb4 4. Bd3 d5 5. Nxd5 Nxd5 6. exd5 Qxd5 7. Qe2 O-O 8. O-O Re8 9. Bc4 Qd8 10. c3 Bd6 11. d3 Bg4 12. h3 Bxf3 13. Qxf3 Qf6 14. Qxb7 Nd7 15. Qf3 Qg6 16. Bd5 Rab8 17. Be4 Qe6 18. Bd5 Qg6 19. Be4 Qe6 20. Qf5 Qxf5 21. Bxf5 Nc5 22. b4 Ne6 23. Be3 Nf4 24. g3 Ne2+ 25. Kg2 Nxc3 26. Rfc1 Ne2 27. Rc2 Nd4 28. Bxd4 exd4 29. a3 a5 30. b5 Re7 31. a4 Bb4 32. Raa2 Rbe8 33. Kf3 g6 34. Be4 Kg7 35. Bc6 Rd8 36. Re2 Re6 37. Rxe6 fxe6 38. Ke4 Kf6 39. Re2 g5 40. g4 Bc3 41. f3 h6 42. Bb7 Re8 43. Bc6 Rf8 44. Bb7 e5 45. Kd5 Re8 46. Kc6 Re7 47. Bc8 Bb4 48. Bd7 h5 49. Kxc7 Bc5 50. Rc2 Ba7 51. Rc6+ Kg7 52. b6 1-0

[Event "Konyaalti Open-B 2019"]
[Site "Konyaalti"]
[Date "2019.11.18"]
[Round "2.1"]
[White "Akinci, Emirhan"]
[Black "Demir, Hilmi Mustafa"]
[Result "1/2-1/2"]
[ECO "D02"]
[WhiteElo "1420"]
[BlackElo "1818"]
[Annotator "NA"]
[PlyCount "108"]
[EventDate "2019.11.20"]
[EventType "swiss"]
[EventCountry "TUR"]
[SourceTitle "playchess.com"]
[Source "ChessBase"]
[SourceQuality "1"]
[TimeControl "5400+30"]

1. Nf3 d5 2. d4 Nf6 3. c3 c5 4. Bf4 Nc6 5. dxc5 e6 6. e3 Bxc5 7. Nbd2 Bd6 8. Bxd6 Qxd6 9. Be2 O-O 10. O-O e5 11. h3 Qe7 12. Rc1 Be6 13. a3 Kh8 14. Re1 Rg8 15. c4 e4 16. Nh2 Rgd8 17. Qc2 d4 18. exd4 Nxd4 19. Qc3 Nxe2+ 20. Rxe2 Bf5 21. Nhf1 Bg6 22. Rce1 Qc7 23. Ng3 Rd3 24. Qc1 Rxg3 25. fxg3 Qxg3 26. Re3 Qc7 27. Qc3 h6 28. b3 Rc8 29. Qb2 Kh7 30. Kh1 Rd8 31. b4 Nh5 32. Qc3 f5 33. Nf1 f4 34. R3e2 Rd3 35. Qb2 e3 36. c5 Be4 37. Kg1 Rd5 38. Nxe3 fxe3 39. Rxe3 Bg6 40. g4 Nf6 41. Qxf6 gxf6 42. Re7+ Qxe7 43. Rxe7+ Kg8 44. Rxb7 a5 45. c6 Be8 46. c7 Bd7 47. Rb8+ Kf7 48. c8=Q Bxc8 49. Rxc8 Rd3 50. bxa5 Rxa3 51. Rc7+ Kg6 52. Kg2 Rxa5 53. Rc3 h5 54. Kg3 Ra4 1/2-1/2

[Event "Konyaalti Open-B 2019"]
[Site "Konyaalti"]
[Date "2019.11.18"]
[Round "2.2"]
[White "Yildiz, Tunahan"]
[Black "Cakir, Ismail Said"]
[Result "1-0"]
[ECO "E90"]
[WhiteElo "1752"]
[BlackElo "1504"]
[Annotator "NA RC"]
[PlyCount "93"]
[EventDate "2019.11.20"]
[EventType "swiss"]
[EventCountry "TUR"]
[SourceTitle "playchess.com"]
[Source "ChessBase"]
[SourceQuality "1"]
[TimeControl "5400+30"]

1. d4 Nf6 2. Nf3 g6 3. c4 Bg7 4. Nc3 O-O 5. e4 d6 6. h3 e5 7. d5 Nbd7 8. Bd3 a6 9. Be3 Nh5 10. g3 Nc5 11. Bc2 a5 12. Qe2 Bd7 13. O-O-O Qe8 14. Ne1 f5 15. exf5 gxf5 16. Nd3 b6 17. Nxc5 bxc5 18. g4 Nf4 19. Qd2 Ng6 20. gxf5 Bxf5 21. Ne4 Nh4 22. Qe2 Bg6 23. Ng5 Bh5 24. Bxh7+ Kh8 25. Qc2 Bxd1 26. Rxd1 Qh5 27. Rg1 Nf3 28. Bg6 Qh6 29. Nf7+ Rxf7 30. Bxh6 Bxh6+ 31. Kb1 Nd4 32. Qd1 Rf6 33. Qh5 Kg7 34. Be8+ Kf8 35. Rg6 Rxg6 36. Bxg6 Bg7 37. Qg4 Rd8 38. Qg5 Rd7 39. h4 Re7 40. h5 e4 41. h6 Bh8 42. Qg4 Re5 43. Qc8+ Ke7 44. Qxh8 Rg5 45. Qg7+ Kd8 46. Qf8+ Kd7 47. Qe8# 1-0

[Event "Konyaalti Open-B 2019"]
[Site "Konyaalti"]
[Date "2019.11.18"]
[Round "2.3"]
[White "Yerzhan, Zhangir"]
[Black "Uysal, Ilyas"]
[Result "0-1"]
[ECO "B48"]
[WhiteElo "1649"]
[BlackElo "1767"]
[Annotator "NA RC"]
[PlyCount "84"]
[EventDate "2019.11.20"]
[EventType "swiss"]
[EventCountry "TUR"]
[SourceTitle "playchess.com"]
[Source "ChessBase"]
[SourceQuality "1"]
[TimeControl "5400+30"]

1. e4 c5 2. Nf3 e6 3. d4 cxd4 4. Nxd4 Nc6 5. Nc3 Qc7 6. Be3 a6 7. a4 Nf6 8. Be2 Bb4 9. Nxc6 Qxc6 10. O-O Nxe4 11. Nxe4 Qxe4 12. Bd3 Qh4 13. g3 Qh3 14. Be4 Be7 15. Qe2 d5 16. Bg2 Qf5 17. c4 O-O 18. Rfd1 dxc4 19. Qxc4 Qa5 20. Bf4 e5 21. Rd5 b5 22. Qc6 Be6 23. Rxe5 Rac8 24. Qe4 Bf6 25. Qe1 Qxe1+ 26. Rexe1 Bxb2 27. Rab1 Bc3 28. Rec1 bxa4 29. Bb7 a3 30. Bxc8 Rxc8 31. Rxc3 Rxc3 32. Rb8+ Bc8 33. Be5 Rc1+ 34. Kg2 f6 35. Bd4 Kf7 36. Rb3 a2 37. Ra3 Bb7+ 38. Kh3 Rc2 39. Kg4 Ke6 40. f4 Kd5 41. Rd3 Ke4 42. Rd1 Rxh2 0-1

[Event "Konyaalti Open-B 2019"]
[Site "Konyaalti"]
[Date "2019.11.18"]
[Round "2.5"]
[White "Kervancioglu, Talu"]
[Black "Cekli, Cem"]
[Result "0-1"]
[ECO "B03"]
[WhiteElo "1501"]
[BlackElo "1812"]
[Annotator "NA RC"]
[PlyCount "72"]
[EventDate "2019.11.20"]
[EventType "swiss"]
[EventCountry "TUR"]
[SourceTitle "playchess.com"]
[Source "ChessBase"]
[SourceQuality "1"]
[TimeControl "5400+30"]

1. e4 Nf6 2. e5 Nd5 3. d4 d6 4. c4 Nb6 5. f4 dxe5 6. fxe5 Nc6 7. Be3 Bf5 8. a3 e6 9. Nc3 Be7 10. Nf3 f6 11. exf6 Bxf6 12. Be2 O-O 13. O-O Qe7 14. Qe1 Rad8 15. Qf2 Rfe8 16. Rad1 Bc2 17. Rc1 Bg6 18. b4 Kh8 19. c5 Nd5 20. Nxd5 exd5 21. Rc3 Nxd4 22. Nxd4 Bxd4 23. Bxd4 Qxe2 24. Qf4 Qe4 25. Qf2 Kg8 26. Re3 Qc2 27. Qh4 Qd2 28. Qf4 Rxe3 29. Bxe3 Qd3 30. Qg5 Re8 31. Bf4 c6 32. Qg4 Qf5 33. Qg3 Qe4 34. Qf2 Qe2 35. Qd4 Bd3 36. Qf2 Qxf1+ 0-1

[Event "Konyaalti Open-B 2019"]
[Site "Konyaalti"]
[Date "2019.11.18"]
[Round "3.1"]
[White "Ismayilov, Firuz"]
[Black "Yildiz, Tunahan"]
[Result "1-0"]
[ECO "D02"]
[WhiteElo "1618"]
[BlackElo "1752"]
[Annotator "NA RC"]
[PlyCount "127"]
[EventDate "2019.11.20"]
[EventType "swiss"]
[EventCountry "TUR"]
[SourceTitle "playchess.com"]
[Source "ChessBase"]
[SourceQuality "1"]
[TimeControl "5400+30"]

1. Nf3 d5 2. d4 Nf6 3. Bf4 g6 4. e3 Bg7 5. h3 O-O 6. Bd3 c5 7. c3 Nc6 8. Nbd2 Nd7 9. O-O e5 10. dxe5 Ndxe5 11. Nxe5 Nxe5 12. Be2 Be6 13. Nf3 Nc6 14. Qb3 Qe7 15. Ng5 Rad8 16. Nxe6 fxe6 17. Rad1 Kh8 18. Bg3 Bf6 19. Qa4 Qd7 20. Bg4 h5 21. Be2 Nd4 22. Rxd4 cxd4 23. Bb5 Qg7 24. exd4 e5 25. dxe5 Bxe5 26. Bxe5 Qxe5 27. Bd3 Rf6 28. Qxa7 b6 29. Bb1 Rdf8 30. f3 Qe3+ 31. Kh1 Qe2 32. Rg1 Qd2 33. Qe7 R8f7 34. Qe5 Kg7 35. a4 Qxb2 36. Qxd5 Qxc3 37. Ba2 Rf8 38. Bb1 Qa5 39. Qe4 Qa8 40. Qb4 Qa5 41. Qe4 Qg5 42. Qd4 Kh6 43. Be4 Qc5 44. Qd2+ Qg5 45. Qd4 h4 46. Qd3 Qa5 47. Qe3+ Kg7 48. Qd4 Qc5 49. Qd7+ R8f7 50. Qd2 Ra7 51. Qd8 Qe7 52. Qd4 Qd7 53. Qc4 Rxa4 54. Qb3 b5 55. Rb1 b4 56. Bc2 Rfa6 57. Qb2+ Kh7 58. Bxa4 Rxa4 59. Qb3 Qa7 60. Qc4 Qe7 61. Qb5 Ra2 62. Qxb4 Qe2 63. Qxh4+ Kg7 64. Rb7+ 1-0

[Event "Konyaalti Open-B 2019"]
[Site "Konyaalti"]
[Date "2019.11.18"]
[Round "3.2"]
[White "Uysal, Ilyas"]
[Black "Egeli, Sercan Veli"]
[Result "0-1"]
[ECO "B01"]
[WhiteElo "1767"]
[BlackElo "1478"]
[Annotator "NA RC"]
[PlyCount "162"]
[EventDate "2019.11.20"]
[EventType "swiss"]
[EventCountry "TUR"]
[SourceTitle "playchess.com"]
[Source "ChessBase"]
[SourceQuality "1"]
[TimeControl "5400+30"]

1. e4 d5 2. exd5 Nf6 3. d4 Bg4 4. f3 Bf5 5. Bb5+ Bd7 6. Bxd7+ Qxd7 7. c4 e6 8. dxe6 fxe6 9. Ne2 Nc6 10. O-O O-O-O 11. Be3 Bc5 12. Nbc3 Nxd4 13. Kh1 Nb3 14. Qxb3 Bxe3 15. Rad1 Qc6 16. Nd5 exd5 17. Qxe3 Rhe8 18. Qf2 Qxc4 19. Nd4 Rd7 20. Rc1 Qd3 21. Rc3 Qa6 22. Rfc1 Rde7 23. b4 Qb6 24. h3 Kd8 25. b5 g6 26. Rc5 Qd6 27. a4 Qf4 28. R5c2 Nh5 29. g4 Ng3+ 30. Kg2 Ne2 31. Nxe2 Rxe2 32. Rxe2 Rxe2 33. Qxe2 Qxc1 34. Qf2 Qf4 35. Qh4+ Kc8 36. Qe7 Qd6 37. Qe8+ Qd8 38. Qe6+ Kb8 39. f4 d4 40. Kf2 a6 41. f5 gxf5 42. gxf5 Qh4+ 43. Ke2 Qxh3 44. Qe8+ Ka7 45. Qe4 Qc3 46. Qd3 Qc5 47. Kf3 Qe5 48. Qe4 Qc5 49. f6 Qc3+ 50. Kf4 d3 51. Qe3+ b6 52. Kf5 Qc2 53. Qe4 Qf2+ 54. Ke5 d2 55. bxa6 Qc5+ 56. Kf4 Qd6+ 57. Kg5 c6 58. Qe7+ Qxe7 59. fxe7 d1=Q 60. e8=Q Qxa4 61. Qc8 Qxa6 62. Qxc6 Qd3 63. Qa4+ Kb7 64. Qb4 b5 65. Kf6 Qc4 66. Qe7+ Kb6 67. Qxh7 b4 68. Qh2 b3 69. Qb8+ Ka5 70. Qd8+ Ka4 71. Qd7+ Ka3 72. Qa7+ Kb2 73. Kf5 Qd3+ 74. Kf4 Kc2 75. Qc5+ Qc3 76. Qf5+ Kc1 77. Qg6 Qd2+ 78. Ke5 Qe3+ 79. Kd5 b2 80. Qc6+ Kd2 81. Qb7 Qf3+ 0-1

[Event "Konyaalti Open-B 2019"]
[Site "Konyaalti"]
[Date "2019.11.18"]
[Round "3.3"]
[White "Yaman, Omer Yigit"]
[Black "Karahan, Anil"]
[Result "0-1"]
[ECO "A45"]
[WhiteElo "1529"]
[BlackElo "1767"]
[Annotator "NA"]
[PlyCount "92"]
[EventDate "2019.11.20"]
[EventType "swiss"]
[EventCountry "TUR"]
[SourceTitle "playchess.com"]
[Source "ChessBase"]
[SourceQuality "1"]
[TimeControl "5400+30"]

1. d4 Nf6 2. Bg5 e6 3. e3 Be7 4. Bxf6 Bxf6 5. Bd3 c5 6. c3 d6 7. Nd2 Nc6 8. Ne2 Bd7 9. Ne4 Be7 10. Nf4 cxd4 11. cxd4 Nb4 12. O-O Nxd3 13. Nxd3 O-O 14. f4 Qb6 15. Rc1 Rac8 16. Rxc8 Rxc8 17. Ng3 Bb5 18. Rf2 a5 19. f5 e5 20. f6 Bxf6 21. Rxf6 Bxd3 22. Rf2 Bg6 23. h4 Qc7 24. e4 h6 25. h5 Bh7 26. dxe5 dxe5 27. Qb3 Qe7 28. Rc2 Rd8 29. Rc1 Kh8 30. Qb6 Qg5 31. Rf1 Rd3 32. Nf5 Rd2 33. Ne3 Bxe4 34. Rf2 Rxf2 35. Kxf2 Qf4+ 36. Kg1 a4 37. b3 axb3 38. axb3 Bc6 39. Qd8+ Kh7 40. Qd2 Qe4 41. b4 f5 42. b5 Bxb5 43. Kh2 Bc6 44. Kg1 b5 45. Kh2 b4 46. Nf1 f4 0-1

[Event "Konyaalti Open-B 2019"]
[Site "Konyaalti"]
[Date "2019.11.18"]
[Round "3.4"]
[White "Cekli, Cem"]
[Black "Ipek, Egehan"]
[Result "1/2-1/2"]
[ECO "D10"]
[WhiteElo "1812"]
[BlackElo "1590"]
[Annotator "NA RC"]
[PlyCount "48"]
[EventDate "2019.11.20"]
[EventType "swiss"]
[EventCountry "TUR"]
[SourceTitle "playchess.com"]
[Source "ChessBase"]
[SourceQuality "1"]
[TimeControl "5400+30"]

1. d4 d5 2. c4 c6 3. Nc3 Nf6 4. cxd5 cxd5 5. Bf4 e6 6. e3 Nc6 7. Bd3 Bd6 8. Nge2 O-O 9. O-O Nb4 10. Bb1 a6 11. a3 Nc6 12. Qd3 Ne7 13. Bxd6 Qxd6 14. f4 Nf5 15. h3 h5 16. Kf2 Qe7 17. Rg1 Nd6 18. Qd1 Bd7 19. g4 g6 20. Ng3 hxg4 21. hxg4 e5 22. f5 exd4 23. Qxd4 Rae8 24. Nh5 gxh5 1/2-1/2

[Event "Konyaalti Open-B 2019"]
[Site "Konyaalti"]
[Date "2019.11.18"]
[Round "3.5"]
[White "Fidanci, Kutay"]
[Black "Ceylan, Enes Arda"]
[Result "1-0"]
[ECO "D11"]
[WhiteElo "1601"]
[BlackElo "1399"]
[Annotator "NA RC"]
[PlyCount "95"]
[EventDate "2019.11.20"]
[EventType "swiss"]
[EventCountry "TUR"]
[SourceTitle "playchess.com"]
[Source "ChessBase"]
[SourceQuality "1"]
[TimeControl "5400+30"]

1. d4 d5 2. c4 dxc4 3. Nf3 Nf6 4. g3 c6 5. a4 Be6 6. Nc3 Nd5 7. Ng5 Bg4 8. Bg2 e6 9. O-O Nd7 10. f3 Bh5 11. e4 Nxc3 12. bxc3 b5 13. g4 Bg6 14. f4 h6 15. f5 hxg5 16. fxg6 f6 17. axb5 cxb5 18. e5 Rb8 19. Qf3 Rh6 20. Qe4 Qb6 21. Kh1 a5 22. Re1 Be7 23. exf6 Nxf6 24. Qxe6 Qxe6 25. Rxe6 Kd7 26. Ra6 Nxg4 27. Ra7+ Kd8 28. h3 Nf2+ 29. Kg1 Nxh3+ 30. Kf1 Nf4 31. Bxf4 gxf4 32. Re1 Bf6 33. Bc6 Rh8 34. Re6 b4 35. Rd6+ Kc8 36. Bd7+ Kd8 37. Bc6+ Kc8 38. Bd5 Re8 39. Bf3 Rb5 40. Ra8+ Rb8 41. Rc6+ Kd8 42. Rxb8+ Ke7 43. Rxe8+ Kxe8 44. cxb4 axb4 45. Rxc4 b3 46. Rb4 b2 47. Rxb2 Bxd4 48. Rb7 1-0

[Event "Konyaalti Open-B 2019"]
[Site "Konyaalti"]
[Date "2019.11.19"]
[Round "4.1"]
[White "Karahan, Anil"]
[Black "Ismayilov, Firuz"]
[Result "1-0"]
[ECO "E62"]
[WhiteElo "1767"]
[BlackElo "1618"]
[Annotator "NA RC"]
[PlyCount "90"]
[EventDate "2019.11.20"]
[EventType "swiss"]
[EventCountry "TUR"]
[SourceTitle "playchess.com"]
[Source "ChessBase"]
[SourceQuality "1"]
[TimeControl "5400+30"]

1. d4 g6 2. Nf3 Bg7 3. g3 d6 4. Bg2 Nc6 5. O-O Nf6 6. c4 O-O 7. Nc3 Bg4 8. Qd3 Bxf3 9. Bxf3 e5 10. d5 Nd4 11. Bg2 Nf5 12. e4 Nd4 13. Be3 Nd7 14. b4 f5 15. Nb5 fxe4 16. Bxe4 Nxb5 17. cxb5 Nf6 18. Rac1 Qd7 19. a4 Rf7 20. Rc4 a6 21. bxa6 bxa6 22. Rc6 Qh3 23. Bg2 Qg4 24. Rb1 a5 25. bxa5 Qxa4 26. a6 e4 27. Qb5 Qa2 28. Bh3 Kh8 29. Be6 Rff8 30. Qb7 Ne8 31. Rbc1 Bh6 32. Bd4+ Bg7 33. Rxc7 e3 34. R1c2 exf2+ 35. Rxf2 Qxf2+ 36. Bxf2 Nxc7 37. Qxc7 Rxa6 38. Be3 Ra3 39. Bf4 Ra2 40. h4 Rb2 41. Bc8 h6 42. Ba6 Re8 43. Qc1 Ra2 44. Bb5 Re7 45. Bxd6 Rf7 1-0

[Event "Konyaalti Open-B 2019"]
[Site "Konyaalti"]
[Date "2019.11.19"]
[Round "4.2"]
[White "Egeli, Sercan Veli"]
[Black "Akcun, Fayik"]
[Result "1-0"]
[ECO "B09"]
[WhiteElo "1478"]
[BlackElo "1676"]
[Annotator "NA RC"]
[PlyCount "83"]
[EventDate "2019.11.20"]
[EventType "swiss"]
[EventCountry "TUR"]
[SourceTitle "playchess.com"]
[Source "ChessBase"]
[SourceQuality "1"]
[TimeControl "5400+30"]

1. e4 d6 2. d4 Nf6 3. Nc3 g6 4. f4 Bg7 5. Nf3 a6 6. Bd3 c5 7. e5 Ng4 8. dxc5 dxc5 9. h3 Nh6 10. O-O O-O 11. Be3 Nd7 12. Qd2 e6 13. Ne4 Qc7 14. Qc3 b6 15. b4 Nf5 16. Bf2 Bb7 17. bxc5 Rac8 18. Rab1 Nxc5 19. Nxc5 Bxf3 20. Bxa6 Bb7 21. Bxb7 Qxb7 22. Nxb7 Rxc3 23. Rxb6 Rxc2 24. a4 Ra2 25. a5 Bh6 26. g4 Ne7 27. Bc5 Rc8 28. Rf2 Ra1+ 29. Rf1 Ra2 30. Rbb1 Nd5 31. Ra1 Rb2 32. Rab1 Rxb7 33. Rxb7 Rxc5 34. a6 Ra5 35. a7 Bf8 36. Rc1 Kg7 37. Rc8 Nb6 38. Rxb6 Rxa7 39. Rbb8 Ba3 40. g5 f6 41. Rg8+ Kf7 42. gxf6 1-0

[Event "Konyaalti Open-B 2019"]
[Site "Konyaalti"]
[Date "2019.11.19"]
[Round "4.3"]
[White "Kazik, Oguz Kagan"]
[Black "Fidanci, Kutay"]
[Result "1-0"]
[ECO "B06"]
[WhiteElo "1638"]
[BlackElo "1601"]
[Annotator "NA RC"]
[PlyCount "110"]
[EventDate "2019.11.20"]
[EventType "swiss"]
[EventCountry "TUR"]
[SourceTitle "playchess.com"]
[Source "ChessBase"]
[SourceQuality "1"]
[TimeControl "5400+30"]

1. d4 g6 2. e4 Bg7 3. Nc3 d6 4. Nf3 a6 5. Be2 Nd7 6. O-O b5 7. Re1 e6 8. a4 bxa4 9. Nxa4 Bb7 10. Bd3 h6 11. Qe2 Ne7 12. Nc3 Qc8 13. h4 O-O 14. h5 g5 15. Qe3 e5 16. d5 f5 17. exf5 Nxf5 18. Bxf5 Rxf5 19. Nd2 Nf6 20. Qd3 g4 21. Ra4 Rxh5 22. Nde4 Kf7 23. Nxf6 Bxf6 24. Qh7+ Bg7 25. Ree4 Qh8 26. Qxh8 Bxh8 27. Rac4 Rc8 28. Rb4 Ba8 29. Rxg4 e4 30. Rf4+ Kg6 31. Rbxe4 Be5 32. Rg4+ Kf5 33. Nd1 c6 34. Ne3+ Kf6 35. dxc6 Bxc6 36. Rc4 Bd7 37. Rxc8 Bxc8 38. Rc4 Be6 39. Rc6 Bd7 40. Rb6 Ke6 41. g3 Bd4 42. Rxa6 Rc5 43. c3 Bf6 44. Nc2 Rd5 45. Bf4 Ke7 46. Ne3 Rb5 47. Bxd6+ Kf7 48. Bb4 h5 49. Rd6 Be6 50. Rc6 Rg5 51. Ng2 Rd5 52. Rc7+ Ke8 53. Ne3 Rd2 54. Ba3 h4 55. Nf1 h3 1-0

[Event "Konyaalti Open-B 2019"]
[Site "Konyaalti"]
[Date "2019.11.19"]
[Round "4.4"]
[White "Yilmaz, Mehmet Berat"]
[Black "Demir, Zeki"]
[Result "0-1"]
[ECO "C04"]
[WhiteElo "1292"]
[BlackElo "1685"]
[Annotator "NA RC"]
[PlyCount "52"]
[EventDate "2019.11.20"]
[EventType "swiss"]
[EventCountry "TUR"]
[SourceTitle "playchess.com"]
[Source "ChessBase"]
[SourceQuality "1"]
[TimeControl "5400+30"]

1. e4 e6 2. d4 d5 3. Nd2 Nc6 4. c3 e5 5. Ngf3 exd4 6. cxd4 dxe4 7. Nxe4 Bb4+ 8. Bd2 Qe7 9. Qe2 Bg4 10. Bxb4 Qxb4+ 11. Nc3+ Nge7 12. Qb5 Bxf3 13. gxf3 Qxd4 14. Rd1 Qf6 15. Qxb7 Qe5+ 16. Be2 Rb8 17. Qa6 Rxb2 18. Nd5 O-O 19. Nxe7+ Qxe7 20. O-O Nb4 21. Qxa7 Rxe2 22. Rc1 Qg5+ 23. Kh1 Nd3 24. Rcd1 Qf5 25. Qb7 Nxf2+ 26. Rxf2 Rxf2 0-1

[Event "Konyaalti Open-B 2019"]
[Site "Konyaalti"]
[Date "2019.11.19"]
[Round "4.5"]
[White "Ipek, Egehan"]
[Black "Demir, Hilmi Mustafa"]
[Result "1-0"]
[ECO "A09"]
[WhiteElo "1590"]
[BlackElo "1818"]
[Annotator "NA RC"]
[PlyCount "75"]
[EventDate "2019.11.20"]
[EventType "swiss"]
[EventCountry "TUR"]
[SourceTitle "playchess.com"]
[Source "ChessBase"]
[SourceQuality "1"]
[TimeControl "5400+30"]

1. Nf3 d5 2. c4 d4 3. b4 f6 4. Bb2 e5 5. a3 c5 6. bxc5 Nc6 7. d3 Bxc5 8. Nbd2 Nh6 9. g3 Nf7 10. Bg2 h5 11. h4 Be6 12. Ne4 Be7 13. Bc1 Qd7 14. Rb1 O-O 15. O-O b6 16. Qa4 Rac8 17. Bd2 Bh3 18. Rfc1 Bxg2 19. Kxg2 f5 20. Neg5 e4 21. dxe4 Nxg5 22. Nxg5 Bxg5 23. Bxg5 fxe4 24. c5 Qf5 25. Bf4 bxc5 26. Qc4+ Kh7 27. Qxc5 Qg4 28. Qg5 Qxe2 29. Rb7 Qf3+ 30. Kg1 Ne7 31. Rxc8 e3 32. Bxe3 dxe3 33. Rxf8 exf2+ 34. Kf1 Qh1+ 35. Kxf2 Qh2+ 36. Ke1 Qh1+ 37. Kd2 Qg2+ 38. Kd3 1-0

[Event "Konyaalti Open-B 2019"]
[Site "Konyaalti"]
[Date "2019.11.19"]
[Round "5.1"]
[White "Demir, Zeki"]
[Black "Karahan, Anil"]
[Result "1/2-1/2"]
[ECO "B38"]
[WhiteElo "1685"]
[BlackElo "1767"]
[Annotator "NA"]
[PlyCount "113"]
[EventDate "2019.11.20"]
[EventType "swiss"]
[EventCountry "TUR"]
[SourceTitle "playchess.com"]
[Source "ChessBase"]
[SourceQuality "1"]
[TimeControl "5400+30"]

1. d4 Nf6 2. c4 g6 3. Nc3 Bg7 4. e4 d6 5. f3 O-O 6. Be3 c5 7. Nge2 Nc6 8. Qd2 cxd4 9. Nxd4 Bd7 10. Be2 Nxd4 11. Bxd4 Bc6 12. O-O Nd7 13. Bxg7 Kxg7 14. Qd4+ Kg8 15. Nd5 Bxd5 16. exd5 Qb6 17. Rfd1 Rfc8 18. Kf1 Qxd4 19. Rxd4 Rc7 20. f4 Rac8 21. b3 Kg7 22. g4 b5 23. cxb5 Rc2 24. Rc4 R8xc4 25. bxc4 Nb6 26. a4 Nxc4 27. a5 Ne3+ 28. Kf2 Nxd5 29. b6 Nxb6 30. axb6 axb6 31. Rb1 Ra2 32. Rxb6 Ra4 33. Kg3 Ra3+ 34. Bf3 Rc3 35. Rb4 h6 36. h4 Rc5 37. Re4 Kf8 38. Re3 Ra5 39. Rc3 Rb5 40. Rc8+ Kg7 41. Re8 e5 42. fxe5 dxe5 43. Re7 Kf6 44. Rd7 Ke6 45. Rc7 Rb4 46. Be2 f5 47. Rc6+ Kf7 48. Bc4+ Kg7 49. Rc7+ Kh8 50. gxf5 gxf5 51. Be6 Rg4+ 52. Kh3 Rf4 53. Rf7 e4 54. Bxf5 e3 55. Kg3 e2 56. Kxf4 e1=Q 57. Rh7+ 1/2-1/2